 Dungeon Crawl Stone Soup version 0.23-a0-625-g1d2cd9b (webtiles) character file.

30 Leeroy the Charmwright (level 3, -4/28 HPs)
             Began as a Barachi Skald on Dec 24, 2018.
             Slain by a worker ant (6 damage)
             ... on level 2 of the Dungeon on Dec 25, 2018.
             The game lasted 00:01:53 (264 turns).

Leeroy the Charmwright (Barachi Skald)               Turns: 264, Time: 00:01:53

Health: -4/28      AC:  3    Str: 12    XL:     3   Next: 18%
Magic:  3/6        EV: 12    Int: 19    God:
Gold:   15         SH:  0    Dex: 11    Spells: 0/6 levels left

rFire    . . .     SeeInvis .   a - +0 falchion
rCold    . . .     Gourm    .   (no shield)
rNeg     . . .     Faith    .   b - +0 leather armour
rPois    .         Spirit   .   (no helmet)
rElec    .         Reflect  .   (no cloak)
rCorr    .         Harm     .   (no gloves)
MR       .....                  (no boots)
Stlth    +.........             (no amulet)
HPRegen  0.09/turn              (no ring)
MPRegen  0.10/turn              (no ring)

@: brilliant, lethally poisoned (-4 -> -30), slow
A: +LOS, swims, slowness 1, strong legs 1
a: Hop


You were on level 2 of the Dungeon.
You were not hungry.

You visited 1 branch of the dungeon, and saw 2 of its levels.

You collected 15 gold pieces.

Inventory:

Hand Weapons
 a - a +0 falchion (weapon)
Missiles
 h - 25 stones (quivered)
Armour
 b - a +0 leather armour (worn)
Scrolls
 f - a scroll of enchant weapon {unknown}
Potions
 c - a potion of agility {unknown}
 e - a potion of brilliance
 i - a potion of haste {unknown}
Comestibles
 d - 3 rations
 g - 3 chunks of flesh


   Skills:
 + Level 2.8 Fighting
 * Level 3.6 Long Blades
 - Level 1.2 Armour
 - Level 2.1 Dodging
 - Level 2.1 Spellcasting
 + Level 3.7 Charms


You couldn't memorise any spells.
You knew the following spells:

 Your Spells              Type           Power        Failure   Level  Hunger
a - Infusion              Chrm           ####         1%          1    #......
b - Shroud of Golubria    Chrm/Tloc      ###.......   1%          2    ##.....
c - Spectral Weapon       Hex/Chrm       ###.....     3%          3    ###....

Your spell library contained the following spells:

 Spells                   Type           Power        Failure   Level  Hunger
 Song of Slaying          Chrm           ####....     1%          2    ##.....
 Regeneration             Chrm/Necr      ###.......   3%          3    ###....


Dungeon Overview and Level Annotations

Branches:
Dungeon (1/15)

Altars:


Innate Abilities, Weirdness & Mutations

Shadows flee at your approach. (+LOS)
You can swim through water.
You cover ground slowly.
You can hop short distances.


Message History

You feel sick.
Your spectral weapon barely misses the worker ant.
The worker ant bites you.
* * * LOW HITPOINT WARNING * * *
You are more poisoned.
The worker ant poisons you! The worker ant barely misses you.
You barely miss the worker ant.
The worker ant is heavily wounded.
* * * LOW HITPOINT WARNING * * *
You feel sick.
Your spectral weapon misses the worker ant.
The worker ant bites you.
* * * LOW HITPOINT WARNING * * *
You are more poisoned.
The worker ant poisons you!
It was a potion of brilliance.
You feel clever all of a sudden.
* * * LOW HITPOINT WARNING * * *
You feel sick. The worker ant bites you.
You die...

###...!.#......# ####
..#>....#......# .%.#
###.......#......#
###..##........ #....).##
........!..##> #..###...
#.$......#.##..###.).
#.J..b...............
.......###a###............
...... #@(# ##..........
..... ###.#####...........
.... #...................
.....####..............#..
.. ............#.......#..
. ..##.###.####..#.####..
... #.# #.รท#.# ### #.##
#.####..#.# # .
#.......#.##


You could see a worker ant, a bat and a friendly spectral +0 falchion.

Vanquished Creatures
  An adder (D:2)
  A worm (D:2)
  2 giant cockroaches (D:2)
  2 goblins (D:2)
  3 hobgoblins
  2 jackals (D:2)
  A bat (D:2)
  2 kobolds
  2 rats (D:2)
16 creatures vanquished.

Notes
Turn   | Place    | Note
-------+----------+-------------------------------------------
     0 | D:1      | Leeroy the Barachi Skald began the quest for the Orb.
     0 | D:1      | Reached XP level 1. HP: 17/17 MP: 3/3
    46 | D:1      | You fall through a shaft!
    78 | D:2      | Reached XP level 2. HP: 18/23 MP: 0/5
   144 | D:2      | Learned a level 2 spell: Shroud of Golubria
   162 | D:2      | Reached XP level 3. HP: 28/28 MP: 1/6
   167 | D:2      | Learned a level 3 spell: Spectral Weapon
   264 | D:2      | Slain by a worker ant

Vault maps used:
D:1:      lemuel_arrival_river_ford

Skill      XL: |  1  2 |
---------------+-------+-----
Long Blades    | 3 |  3.6
Fighting       | |  2.8
Armour         | |  1.2
Dodging        | |  2.1
Spellcasting   | |  2.1
Charms         | |  3.7

Action                   || total
-------------------------++-------
Melee: Falchion          ||    45
 Cast: Infusion          ||     2
       Spectral Weapon   ||     1
  Use: Potion            ||     1
Armor: Leather armour    ||    18
Dodge: Dodged            ||    36
       Rpst.: Falchion   ||    13

Table legend:
 A = Non-vault XP
 B = Vault XP
 C = Vault XP percentage of total XP
 D = Non-vault monster count
 E = Vault monster count
 F = Vault count percentage of total count
                 A         B        C        D         E       F
            +---------+---------+-------+---------+---------+-------
      Total |      43 |       0 |   0.0 |      16 |       0 |   0.0
            +---------+---------+-------+---------+---------+-------
        D:1 |       3 |       0 |   0.0 |       2 |       0 |   0.0
        D:2 |      40 |       0 |   0.0 |      14 |       0 |   0.0
            +---------+---------+-------+---------+---------+-------
